 Dungeon Crawl Stone Soup version 0.26.1-11-gd32895ea62 (webtiles) character file.

Game seed: 5928796553159487191

1090 Eryximachus the Digger (level 8, -6/54 HPs)
             Began as an Octopode Earth Elementalist on June 9, 2021.
             Killed from afar by Maggie (27 damage)
             ... with a bolt of fire
             ... on level 6 of the Dungeon.
             The game lasted 00:17:27 (7628 turns).

Eryximachus the Digger (OpEE)                       Turns: 7628, Time: 00:17:27

Health: -6/54      AC:  1    Str:  7    XL:     8   Next: 31%
Magic:  7/13       EV: 14    Int: 19    God:
Gold:   259        SH:  0    Dex: 13    Spells: 3/14 levels left

rFire    . . .     SeeInvis .   m - +5 dire flail (vorpal)
rCold    . . .     Faith    .   (shield currently unavailable)
rNeg     . . .     Spirit   .   (helmet restricted)
rPois    .         Reflect  .   (no amulet)
rElec    .         Harm     .   (no ring)
rCorr    .         Rampage  .   (no ring)
Will     .....                  (no ring)
Stlth    +++.......             (no ring)
HPRegen  0.18/turn              (no ring)
MPRegen  0.13/turn              (no ring)
                                (no ring)
                                (no ring)

@: no status effects
A: almost no armour, stealthy swim, amphibious, 8 rings, constrict 8, camouflage
1, gelatinous body 1
a: no special abilities


You were on level 6 of the Dungeon.
You visited 1 branch of the dungeon, and saw 6 of its levels.

You collected 259 gold pieces.

Inventory:

Hand Weapons
 m - a +5 vorpal dire flail (weapon)
Missiles
 e - 15 poisoned darts (quivered)
 q - 58 stones
Wands
 h - a wand of flame (21)
 n - a wand of iceblast (6)
 r - a wand of polymorph (8)
Scrolls
 d - 2 scrolls of teleportation
 i - 2 scrolls of enchant armour {unknown}
 k - 3 scrolls of amnesia
 l - a scroll of noise {unknown}
 p - 4 scrolls of remove curse
 u - a scroll of immolation {unknown}
Potions
 a - 3 potions of haste
 c - a potion of resistance
 f - a potion of flight
 g - 2 potions of attraction
 j - a potion of mutation
 o - 5 potions of curing
 s - a potion of degeneration
 t - a potion of heal wounds
 v - a potion of might {unknown}


   Skills:
 - Level 4.0 Fighting
 + Level 2.8 Dodging
 - Level 3.0 Stealth
 + Level 3.8 Spellcasting
 - Level 3.0 Conjurations
 - Level 1.0 Transmutations
 + Level 7.2 Earth Magic


You had 3 spell levels left.
You knew the following spells:

 Your Spells              Type           Power        Failure   Level
a - Sandblast             Erth           62%          1%          1
b - Stone Arrow           Conj/Erth      46%          5%          3
c - Lee's Rapid Deconstr  Erth           15%          21%         5
d - Passwall              Tmut/Erth      15%          4%          2

Your spell library contained the following spells:

 Spells                   Type           Power        Failure   Level
 Petrify                  Tmut/Erth      19%          26%         4


Dungeon Overview and Level Annotations

Branches:
Dungeon (6/15)
 Temple: D:4-7

Altars:
Cheibriados
Fedhas
Nemelex Xobeh
Uskayaw
Xom

Shops:
D:5 (

Annotations:
D:3 2 transporters, oc3rt's ghost, amateur KoHu
D:5 1 runed translucent door, Tirrikindir's ghost, amateur OpFi
D:6 Maggie


Innate Abilities, Weirdness & Mutations

You cannot wear most types of armour.
You are very stealthy in the water. (Stealth+)
You are amphibious.
You can wear up to eight rings at the same time.
You can use your tentacles to constrict eight enemies at once.
Your skin changes colour to match your surroundings (Stealth+).
Your rubbery body absorbs attacks. (AC +1, EV +1)


Message History

The blast of sand hits Maggie.
Maggie is heavily wounded.
q - 58 stones Maggie hits you with a +0 morningstar of flaming!
Maggie burns you.
You hit Maggie. You grab Maggie.
Maggie is severely wounded.
You constrict Maggie, but do no damage.
Maggie points at you and mumbles some strange words.
The bolt of fire hits you!
You hit Maggie but do no damage. You squeeze Maggie, but do no damage.
Maggie is severely wounded.
You constrict Maggie. Maggie closely misses you.
You hit Maggie but do no damage. You squeeze Maggie.
Maggie is severely wounded.
You constrict Maggie, but do no damage.
Maggie points at you and mumbles some strange words.
The bolt of fire hits you!!
Ouch! That really hurt!
You die...

.# ##.#.#..# .# #.#.#..# ..
.####......## ..
........#...## .#
########.....# .# .##
#.....# .# # ..## ##.....#
.#.##
...####.....########....###
...'............@@.........
...##........########..?###
..###.##...#.# .## .##
#.###.##.# # ## #.###.##.#
# #........# #####.#### #.#
# #.#


You could see Maggie.

Vanquished Creatures
  Sigmund (D:3)
  Edmund (D:5)
  A sky beast (D:5)
  2 phantoms (D:4)
  A scorpion (D:4)
  A howler monkey (D:4)
  3 orc priests
  2 orc wizards
  2 worker ants
  Ijyb (D:4)
  3 gnolls (D:5)
  8 adders
  A shadow imp (D:5)
  2 ufetubi (D:5)
  An ooze (D:2)
  A worm (D:3)
  2 dart slugs (D:1)
  5 leopard geckos
  14 orcs
  A ball python (D:2)
  4 giant cockroaches
  16 goblins
  5 hobgoblins
  4 jackals (D:5)
  2 quokkas
  A ball python skeleton (D:5)
  10 bats
  8 frilled lizards
  8 kobolds
  2 leopard gecko skeletons (D:5)
  6 rats
119 creatures vanquished.

Notes
Turn   | Place    | Note
-------+----------+-------------------------------------------
     0 | D:1      | Eryximachus the Octopode Earth Elementalist began the quest
                  | for the Orb.
     0 | D:1      | Reached XP level 1. HP: 11/11 MP: 3/3
    94 | D:1      | Found a hide-covered altar of Uskayaw.
   198 | D:1      | Reached XP level 2. HP: 17/17 MP: 1/5
  1212 | D:1      | Reached skill level 4 in Earth Magic
  1222 | D:1      | Reached XP level 3. HP: 21/21 MP: 4/6
  1226 | D:1      | Learned a level 3 spell: Stone Arrow
  1797 | D:2      | Found a hide-covered altar of Uskayaw.
  1816 | D:2      | Reached skill level 1 in Fighting
  1899 | D:2      | Reached skill level 1 in Conjurations
  1997 | D:2      | Reached XP level 4. HP: 28/28 MP: 5/7
  2054 | D:2      | Found a faded altar of an unknown god.
  2523 | D:2      | Found a sparkling altar of Nemelex Xobeh.
  2563 | D:2      | Found a snail-covered altar of Cheibriados.
  2858 | D:3      | Noticed oc3rt's ghost (amateur KoHu)
  2861 | D:3      | Found a transporter.
  2869 | D:3      | Found a transporter.
  2964 | D:3      | Found a shimmering altar of Xom.
  3056 | D:3      | Reached XP level 5. HP: 27/33 MP: 1/8
  3106 | D:3      | Noticed Sigmund
  3682 | D:3      | Killed Sigmund
  3683 | D:3      | Reached skill level 5 in Earth Magic
  3683 | D:3      | Reached XP level 6. HP: 15/41 MP: 5/9
  3689 | D:3      | Learned a level 5 spell: Lee's Rapid Deconstruction
  4382 | D:4      | Noticed Ijyb
  4444 | D:4      | Reached skill level 6 in Earth Magic
  4444 | D:4      | Reached XP level 7. HP: 33/46 MP: 5/10
  4529 | D:4      | Killed Ijyb
  5563 | D:5      | Entered Level 5 of the Dungeon
  5809 | D:5      | Found Emobbayca's Antique Weapon Shop.
  5855 | D:5      | Reached XP level 8. HP: 54/54 MP: 8/13
  5994 | D:5      | Learned a level 2 spell: Passwall
  5997 | D:5      | Noticed Edmund
  6007 | D:5      | Killed Edmund
  6008 | D:5      | Reached skill level 7 in Earth Magic
  6109 | D:5      | Noticed Tirrikindir's ghost (amateur OpFi)
  6118 | D:5      | Found a runed translucent door.
  7537 | D:6      | Found a blossoming altar of Fedhas.
  7611 | D:6      | Noticed Maggie
  7628 | D:6      | Killed from afar by Maggie

Illustrated notes

Levels and vault maps discovered:
D:1:      dpeg_arrival_water_altar, layout_rooms
D:2:      layout_rooms, marbit_many_paths, eat_drink_and_be_merry_uskayaw,
          chequers_ecumenical_altar_simple, nemelex_dance_club_becter
D:3:      layout_basic, lemuel_doored_altar, gammafunk_ghost_arena, uniq_sigmund
D:4:      kennysheep_the_goblin_king, layout_basic
D:5:      layout_basic, serial_shops, shop, hellmonk_ghost_happy_afterlife,
          uniq_edmund
D:6:      layout_loops_corners, fedhas_altar_4, serial_shops,
          nicolae_shop_crystal, uniq_maggie

Skill      XL: |  1  2  3  4  5  6  7  8 |
---------------+-------------------------+-----
Stealth        | 3 |  3.0
Earth Magic    | 4 5 6 7 |  7.2
Fighting       | 1 2 3 4 |  4.0
Conjurations   | 1 3 |  3.0
Spellcasting   | 3 |  3.8
Dodging        | |  2.8
Transmutations | |  1.0

Action                   |  1- 3 |  4- 6 |  7- 9 || total
-------------------------+-------+-------+-------++-------
Melee: Unarmed           |    53 |    36 |       ||    89
       Constrict         |    16 |    27 |    13 ||    56
       Tentacles         |     8 |    19 |     8 ||    35
       Whip              |       |    46 |    29 ||    75
       Dire flail        |       |       |    24 ||    24
Throw: Dart              |       |     5 |     9 ||    14
 Cast: Sandblast         |    10 |    29 |    17 ||    56
       Stone Arrow       |     2 |     7 |    24 ||    33
Evoke: Wand              |       |       |     4 ||     4
  Use: Scroll            |     1 |     5 |     7 ||    13
 Stab: Sleeping          |     4 |     8 |     2 ||    14
Armor: Skin              |     5 |     4 |     1 ||    10
Dodge: Dodged            |    35 |    40 |    37 ||   112
